 Dungeon Crawl Stone Soup version 0.22-a0-305-gd21a89c (webtiles) character file.

1008 Gildeon the Digger (level 8, -1/48 HPs)
             Began as a Gargoyle Earth Elementalist on Mar 30, 2018.
             Killed from afar by tsouns's ghost (8 damage)
             ... with a flame tongue
             ... on level 4 of the Dungeon.
             The game lasted 00:52:43 (5872 turns).

Gildeon the Digger (Gargoyle Earth Elementalist)    Turns: 5872, Time: 00:52:44

Health: -1/48      AC: 11    Str: 12    XL:     8   Next: 20%
Magic:  0/15       EV: 12    Int: 18    God:
Gold:   244        SH:  0    Dex: 10    Spells: 2/17 levels left

rFire    . . .     SeeInvis .   l - +2 morningstar (venom)
rCold    . . .     Gourm    .   (no shield)
rNeg     + . .     Faith    .   c - +2 robe
rPois    ∞         Spirit   .   (no helmet)
rElec    +         Reflect  .   (no cloak)
rCorr    .         Harm     .   (no gloves)
MR       .....                  j - +1 pair of boots
Stlth    ++........             b - amulet of rage
HPRegen  0.16/turn              (no ring)
MPRegen  0.14/turn              (no ring)

@: very slightly contaminated
A: negative energy resistance 1, electricity resistance, unbreathing,
petrification resistance, rot immunity, AC +5
a: Evoke Berserk Rage


You were on level 4 of the Dungeon.
You were not hungry.

You visited 1 branch of the dungeon, and saw 6 of its levels.

You collected 244 gold pieces.

Inventory:

Hand Weapons
 l - a +2 morningstar of venom (weapon)
Armour
 c - a +2 robe (worn)
 g - a +0 leather armour
 j - a +1 pair of boots (worn)
 k - a +0 ring mail
Jewellery
 b - an amulet of rage (around neck)
Wands
 o - a wand of digging (21)
 p - a wand of iceblast (14)
Scrolls
 e - a scroll of fog
Potions
 a - a potion of resistance {unknown}
 i - 2 potions of flight
Comestibles
 d - 8 rations
 m - 10 chunks of flesh


   Skills:
 - Level 3.7 Fighting
 - Level 1.5 Dodging
 - Level 2.1 Stealth
 - Level 5.0 Spellcasting
 - Level 3.3 Conjurations
 + Level 3.3 Transmutations
 - Level 5.2 Earth Magic
 - Level 2.2 Evocations


You had 2 spell levels left.
You knew the following spells:

 Your Spells              Type           Power        Failure   Level  Hunger
a - Sandblast             Erth           ###...       1%          1    None
b - Passwall              Tmut/Erth      ###.......   3%          2    #......
c - Stone Arrow           Conj/Erth      ###...       7%          3    ##.....
d - Petrify               Tmut/Erth      ###.....     22%         4    ####...
e - Lee's Rapid Deconstr  Erth           ###.......   38%         5    ######.


Dungeon Overview and Level Annotations

Branches:
Dungeon (6/15)
 Temple: D:4-7

Altars:
Dithmenos
Elyvilon
Fedhas
Gozag
Kikubaaqudgha
Okawaru
Qazlal
Sif Muna
Wu Jian
The Shining One

Annotations:
D:4 tsouns's ghost, novice GnFE


Innate Abilities, Weirdness & Mutations

You are resistant to torment.
Your stone body is resilient. (AC +5)
You are immune to poison.
You resist negative energy. (rN+)
You are resistant to electric shocks. (rElec)
You can survive without breathing.
You are immune to petrification.
You are immune to rotting.


Message History

Tsouns's ghost hits you but does no damage.
You completely miss tsouns's ghost.
Tsouns's ghost is heavily damaged.
Tsouns's ghost hits you.
Okay, then.
As you read the scroll of fog, it crumbles to dust.
The scroll dissolves into smoke.
Tsouns's ghost closely misses you. Tsouns's ghost casts a spell at you.
The flame tongue hits you!
* * * LOW HITPOINT WARNING * * *
Casting: Stone Arrow (safe; 7% risk of failure)
Confirm with . or Enter, or press ? or * to list all spells.
Aiming: Stone Arrow (safe; 7% risk of failure)
Press: ? - help, Shift-Dir - straight line, f/p - tsouns's ghost
Aim: tsouns's ghost (grey smoke, heavily damaged)
The stone arrow hits tsouns's ghost.
Tsouns's ghost is severely damaged.
Tsouns's ghost gestures at you while chanting.
The flame tongue hits you!
You die...

####.####### ##.## #####.#
.....###### #.# #.#
..........# ##.## #.#
..........####...#######.#
.............#.⌠.#.......#
####'####.####...#########
#.# #.# ##.## #.#
#.#####.###### #.#
#.......@§W§§# #.#
############§# #.#
#.....#####§# ####.#
#.###.....§§# .....# #.#
######### ###### #.# #.#
#.# #.#


You could see tsouns's ghost.

Vanquished Creatures
  Grinder (D:5)
  Edmund (D:4)
  A water moccasin (D:5)
  Blork the orc (D:5)
  A jelly (D:5)
  A hound (D:5)
  2 orc priests
  2 iguanas (D:4)
  3 worker ants
  7 gnolls
  9 adders
  A shadow imp (D:5)
  5 worms
  2 dart slugs
  6 leopard geckos
  10 orcs
  3 giant cockroaches
  10 goblins
  10 hobgoblins
  9 kobolds
  A quokka (D:2)
  2 ball pythons
  7 bats
  4 frilled lizards
  A leopard gecko skeleton (D:5)
  12 rats
112 creatures vanquished.

Notes
Turn   | Place    | Note
-------+----------+-------------------------------------------
     0 | D:1      | Gildeon the Gargoyle Earth Elementalist began the quest for the Orb.
     0 | D:1      | Reached XP level 1. HP: 10/10 MP: 3/3
   184 | D:1      | Reached XP level 2. HP: 15/15 MP: 1/5
   327 | D:1      | Learned a level 2 spell: Passwall
  1027 | D:1      | Reached XP level 3. HP: 19/19 MP: 4/7
  1033 | D:1      | Learned a level 3 spell: Stone Arrow
  1574 | D:2      | Reached XP level 4. HP: 24/24 MP: 7/9
  1582 | D:2      | Learned a level 4 spell: Petrify
  1625 | D:2      | Found a blossoming altar of Fedhas.
  2109 | D:2      | Found a stormy altar of Qazlal.
  2498 | D:3      | Reached XP level 5. HP: 28/28 MP: 7/11
  2739 | D:3      | Reached skill level 5 in Spellcasting
  2966 | D:3      | Found a shadowy altar of Dithmenos.
  3293 | D:3      | Reached XP level 6. HP: 23/32 MP: 6/13
  3307 | D:3      | Learned a level 5 spell: Lee's Rapid Deconstruction
  3719 | D:4      | Reached skill level 5 in Earth Magic
  3825 | D:4      | Reached skill level 1 in Transmutations
  3831 | D:5      | Entered Level 5 of the Dungeon
  4036 | D:5      | Noticed Edmund
  4059 | D:4      | Found a white marble altar of Elyvilon.
  4313 | D:4      | Found an ancient bone altar of Kikubaaqudgha.
  4702 | D:4      | Found a deep blue altar of Sif Muna.
  4707 | D:4      | Reached skill level 1 in Conjurations
  4709 | D:4      | Noticed tsouns's ghost (novice GnFE)
  4836 | D:4      | Killed Edmund
  4836 | D:4      | Reached XP level 7. HP: 36/36 MP: 0/14
  5079 | D:5      | Found a glowing golden altar of the Shining One.
  5156 | D:5      | Found an iron altar of Okawaru.
  5156 | D:5      | Found an ornate altar of the Wu Jian Council.
  5207 | D:5      | Found an opulent altar of Gozag.
  5254 | D:5      | Noticed Grinder
  5255 | D:5      | Paralysed by Grinder for 3 turns
  5263 | D:5      | Killed Grinder
  5291 | D:5      | Reached XP level 8. HP: 35/48 MP: 7/15
  5374 | D:5      | Noticed Blork the orc
  5397 | D:5      | Killed Blork the orc
  5872 | D:4      | Killed from afar by tsouns's ghost

Vault maps used:
D:1:      lightli_arrival_isolated_outpost
D:2:      marbit_many_paths, fedhas_altar_1, uniq_natasha
D:3:      lemuel_coloured_pillars_altar, first_ration
D:4:      overflow_temple_1_default, elyvilon_altar_1, old_standard_altar
D:5:      nicolae_gozag_cash_rules_everything_around_me,
          gammafunk_temple_overflow_forgotten, uniq_blork_the_orc, uniq_edmund,
          uniq_grinder
D:6:      minmay_temple_entry_overgrown

Skill      XL: |  1  2  3  4  5  6  7  8 |
---------------+-------------------------+-----
Spellcasting   | 3 4 5 |  5.0
Earth Magic    | 4 5 |  5.2
Transmutations | 2 3 |  3.3
Conjurations   | 3 |  3.3
Evocations     | 2 |  2.2
Fighting       | 3 |  3.7
Dodging        | |  1.5
Stealth        | |  2.1

Action                   |  1- 3 |  4- 6 |  7- 9 || total
-------------------------+-------+-------+-------++-------
Melee: Unarmed           |     3 |       |       ||     3
       Club              |       |    26 |       ||    26
       Flail             |       |    23 |     5 ||    28
       Morningstar       |       |       |    10 ||    10
 Cast: Sandblast         |    53 |    50 |    36 ||   139
       Stone Arrow       |       |    48 |    15 ||    63
  Use: Scroll            |     5 |    13 |     3 ||    21
       Potion            |       |     3 |     3 ||     6
 Stab: Sleeping          |       |     1 |       ||     1
  Eat: Chunk             |     2 |    13 |     2 ||    17
       Ration            |       |     1 |       ||     1
Armor: Robe              |     2 |    22 |    15 ||    39
       Leather armour    |     5 |    20 |       ||    25
Dodge: Dodged            |    20 |    72 |    16 ||   108

Table legend:
 A = Spawn XP
 B = Non-spawn XP
 C = Spawn XP percentage of total XP
 D = Spawn monster count
 E = Non-spawn monster count
 F = Spawn count percentage of total count
 G = Total turns spent on level
                    A         B        C        D         E        F      G
               +---------+---------+-------+---------+---------+-------+---------
         Total |       0 |    1441 |   0.0 |       0 |     112 |   0.0 |  5872
               +---------+---------+-------+---------+---------+-------+---------
           D:1 |       0 |      48 |   0.0 |       0 |      21 |   0.0 |  1082
           D:2 |       0 |      99 |   0.0 |       0 |      32 |   0.0 |  1168
           D:3 |       0 |     183 |   0.0 |       0 |      24 |   0.0 |  1401
           D:4 |       0 |     365 |   0.0 |       0 |      14 |   0.0 |  1237
           D:5 |       0 |     746 |   0.0 |       0 |      21 |   0.0 |   978
               +---------+---------+-------+---------+---------+-------+---------
